 Dungeon Crawl Stone Soup version 0.27.0-1-g7a089689b8 (console) character file.

Game seed: 3105536047592895176

2489 om the Cleaver (level 9, 0/72 (75) HPs)
             Began as a Minotaur Fighter on Aug 12, 2021.
             Was a Believer of Uskayaw.
             Slain by a wolf (8 damage)
             ... led by Grum
             ... on level 8 of the Dungeon.
             The game lasted 00:12:00 (6899 turns).

om the Cleaver (Minotaur Fighter)                   Turns: 6899, Time: 00:12:00

HP:   0/72 (75)     AC:  9    Str: 21    XL:     9   Next: 27%
MP:   9/12          EV:  9    Int:  6    God:    Uskayaw [**....]
Gold: 132           SH: 11    Dex: 12    Spells: 8/8 levels left

rFire    . . .     SeeInvis .   a - +0 war axe (vorpal)
rCold    . . .     Faith    +   c - +0 kite shield
rNeg     . . .     Spirit   .   b - +0 scale mail
rPois    .         Reflect  .   q - +1 hat
rElec    .         Harm     .   (no cloak)
rCorr    .         Rampage  .   (no gloves)
Will     +....                  (no boots)
Stlth    ..........             v - amulet of faith
HPRegen  0.22/turn              m - ring of willpower
MPRegen  0.13/turn              (no ring)

@: lightly drained
A: horns 2, retaliatory headbutt
a: Renounce Religion, Stomp, Line Pass


You were on level 8 of the Dungeon.
You worshipped Uskayaw.
Uskayaw was noncommittal.
You visited 1 branch of the dungeon, and saw 8 of its levels.

You collected 132 gold pieces.

Inventory:

Hand Weapons
 a - a +0 vorpal war axe (weapon)
Armour
 b - a +0 scale mail (worn)
 c - a +0 kite shield (worn)
 q - a +1 hat (worn)
Jewellery
 m - a ring of willpower (left hand)
 v - an amulet of faith (around neck)
Wands
 f - a wand of iceblast (10)
 h - a wand of charming (5)
 r - a wand of digging (3)
 x - a wand of flame (44)
 y - a wand of mindburst (15)
Scrolls
 e - a scroll of enchant weapon {unknown}
 g - 2 scrolls of teleportation
 l - a scroll of fog {unknown}
 n - a scroll of fear {unknown}
 p - a scroll of magic mapping {unknown}
 t - 2 scrolls of noise
 w - a scroll of holy word {unknown}
 B - a scroll of enchant armour {unknown}
Potions
 d - 3 potions of might
 i - 3 potions of heal wounds
 j - 3 potions of flight
 k - a potion of resistance
 o - 3 potions of curing
 s - 2 potions of lignification
 u - a potion of invisibility {unknown}
 z - a potion of brilliance {unknown}


   Skills:
 - Level 6.0 Fighting
 - Level 11.3 Axes
 - Level 9.0 Armour
 + Level 2.8 Dodging
 - Level 9.0 Shields
 * Level 5.4 Invocations


You had 8 spell levels left.
You didn't know any spells.
Your spell library contained the following spells:

 Spells                   Type           Power      Damage    Failure   Level
 Magic Dart               Conj           0%         1d3       95%         1
 Call Imp                 Summ           0%         N/A       98%         2
 Slow                     Hex            0%         N/A       98%         2
 Confusing Touch          Hex            0%         N/A       100%        3
 Conjure Flame            Conj/Fire      0%         6-21      100%        3
 Ignite Poison            Fire/Tmut/Pois 0%         N/A       100%        3
 Inner Flame              Hex/Fire       0%         N/A       100%        3
 Mephitic Cloud           Conj/Pois/Air  0%         N/A       100%        3
 Cause Fear               Hex            0%         N/A       100%        4
 Sticky Flame             Conj/Fire      0%         2d3       100%        4
 Yara's Violent Unravell  Hex/Tmut       0%         3d3       100%        5
 Discord                  Hex            0%         N/A       100%        8


Dungeon Overview and Level Annotations

Branches:
Dungeon (8/15)             Temple (0/1) D:7
   Lair: D:8-11

Altars:
Uskayaw
Zin

Annotations:
D:8 Grum, Maurice


Innate Abilities, Weirdness & Mutations

You have a pair of horns on your head.
You reflexively headbutt those who attack you in melee.


Message History

You block the wolf's attack. You block Grum's attack.
A gnoll comes into view. It is wielding a +0 spear.
The wolf closely misses you. You furiously retaliate!
You headbutt the wolf. The wolf bites you!
You closely miss the wolf.
The wolf is almost dead.
The gnoll shouts!
You slash the wolf! The wolf bites you but does no damage.
The wolf completely misses you.
Grum hits you from afar with a -1 spear!
The wolf barely misses you.
A gnoll comes into view. It is wielding a +0 flail.
The wolf bites you but does no damage.
A gnoll comes into view. It is wielding a +0 club.
You closely miss the wolf.
The wolf is almost dead.
You miss the wolf. The wolf bites you. You block the wolf's attack.
Grum completely misses you. You block the gnoll's attack.
The wolf bites you but does no damage. x2
Non-targeted abil: Stomp
Press: ? - help, Q - select action, (/) - cycle Dir - look around, f - activate You stomp with the beat, sending a shockwave through the revellers around you!
You kill the wolf!
The wolf is almost dead.
Grum hits you from afar with a -1 spear!
The wolf bites you. You block the gnoll's attack.
You feel much better. You block the wolf's attack.
Grum hits you from afar with a -1 spear!
The gnoll hits you from afar with a +0 halberd!
* * * LOW HITPOINT WARNING * * *
You block the wolf's attack.
You barely miss the wolf. Your headbutt misses the wolf.
The wolf is almost dead.
You block the wolf's attack. You block Grum's attack.
The gnoll sergeant closely misses you. The gnoll hits you but does no damage.
You block the wolf's attack.
You slash the gnoll!
You kill the gnoll!
You hit the wolf but do no damage. You block Grum's attack. The wolf bites you.
* * * LOW HITPOINT WARNING * * *
The gnoll sergeant hits you from afar with a +0 trident.
* * * LOW HITPOINT WARNING * * *
You block the gnoll's attack. The wolf bites you!
You die...

........# ..........
.........# .........#
.........# .........#
.....g...## .....g)...##
....gg†@##.## ####
.....gh####.#########...
.....g. ##..#.......##
####### ##....######
#..### ##.# #.# #.# #.#
#.# #.#


You could see Grum, a gnoll sergeant, a wolf and 4 gnolls.

Vanquished Creatures
  Sigmund (D:3)
  A wraith (D:7)
  Menkaure (D:5)
  A steam dragon (D:7)
  An ice beast (D:6)
  2 centaurs
  An ogre (D:5)
  A wolf (D:8)
  A bullfrog (D:7)
  3 scorpions
  A water moccasin skeleton (D:4)
  4 wights (D:7)
  A jelly (D:6)
  A centaur zombie (D:6)
  4 hounds
  A centaur skeleton (D:5)
  A bullfrog skeleton (D:5)
  A gnoll shaman (D:5)
  2 iguanas
  3 orc wizards
  A killer bee zombie (D:5)
  3 hound skeletons
  Robin (D:2)
  5 gnolls
  A howler monkey skeleton (D:7)
  5 adders
  An ufetubus (D:5)
  2 worms
  5 dart slugs
  12 orcs
  3 ball pythons
  15 bats
  3 endoplasms
  3 giant cockroaches
  16 goblins
  9 hobgoblins
  6 kobolds
  5 quokkas
  4 frilled lizards
  2 rats
134 creatures vanquished.

Vanquished Creatures (others)
  A killer bee zombie (D:7)
  3 withered plants (D:1)
4 creatures vanquished.

Grand Total: 138 creatures vanquished

Notes
Turn   | Place    | Note
-------+----------+-------------------------------------------
     0 | D:1      | om the Minotaur Fighter began the quest for the Orb.
     0 | D:1      | Reached XP level 1. HP: 19/19 MP: 0/0
   285 | D:1      | Reached XP level 2. HP: 26/27 MP: 1/1
   313 | D:1      | Found a faded altar of an unknown god.
   354 | D:1      | Became a worshipper of Uskayaw the Reveller
   354 | D:1      | Reached * piety under Uskayaw
   370 | D:1      | Reached skill level 3 in Axes
   380 | D:1      | Reached ** piety under Uskayaw
  1101 | D:2      | Noticed Robin
  1103 | D:2      | Reached XP level 3. HP: 33/33 MP: 2/2
  1109 | D:2      | Reached *** piety under Uskayaw
  1116 | D:2      | Reached **** piety under Uskayaw
  1120 | D:2      | Killed Robin
  1120 | D:2      | Reached ***** piety under Uskayaw
  1121 | D:2      | Reached skill level 1 in Invocations
  1348 | D:2      | Reached XP level 4. HP: 26/40 MP: 3/3
  1694 | D:3      | Noticed a scorpion
  1700 | D:3      | Killed a scorpion
  1701 | D:3      | Reached skill level 4 in Axes
  1701 | D:3      | Reached XP level 5. HP: 29/46 MP: 3/5
  2124 | D:3      | Noticed Sigmund
  2133 | D:3      | Killed Sigmund
  2134 | D:3      | Reached skill level 5 in Axes
  2134 | D:3      | Reached XP level 6. HP: 27/52 MP: 2/7
  2675 | D:4      | Reached skill level 5 in Shields
  2942 | D:4      | Reached skill level 5 in Armour
  2966 | D:4      | Reached skill level 11 in Axes
  2966 | D:4      | Reached XP level 7. HP: 59/59 MP: 8/8
  3447 | D:5      | Entered Level 5 of the Dungeon
  3447 | D:5      | Noticed Menkaure
  3664 | D:5      | Killed Menkaure
  3665 | D:5      | Reached XP level 8. HP: 66/66 MP: 5/9
  3917 | D:5      | Reached skill level 1 in Dodging
  4615 | D:6      | Reached skill level 5 in Fighting
  5876 | D:7      | Reached skill level 5 in Invocations
  5876 | D:7      | Reached XP level 9. HP: 66/75 MP: 7/11
  5983 | D:7      | Found a staircase to the Ecumenical Temple.
  6475 | D:7      | Found a glowing silver altar of Zin.
  6787 | D:8      | Noticed Maurice
  6886 | D:8      | Noticed Grum
  6899 | D:8      | Slain by a wolf

Illustrated notes

Levels and vault maps discovered:
D:1:      amcnicky_arrival_choice, layout_basic, serial_corexii_hall,
          chequers_hall_statues_y, corexii_hall_statues_x,
          ebering_ecumenical_altar_petrified
D:2:      layout_basic, serial_curves, eino_curves_02, eino_curves_04,
          eino_curves_01, minmay_indecisive_spiral, uniq_robin
D:3:      layout_loops_ring, uniq_sigmund
D:4:      layout_basic, roderic_batcave
D:5:      layout_rooms, kennysheep_small_circle, uniq_menkaure
D:6:      layout_cave_pods
D:7:      layout_rooms, general_overflow_altar, minmay_temple_entry_waves
D:8:      layout_cave_pods, nicolae_qazlal_scattered_showers, uniq_grum,
          uniq_maurice

Skill      XL: |  1  2  3  4  5  6  7  8  9 |
---------------+----------------------------+-----
Axes           | 3 4 5 11 | 11.3
Fighting       | 4 5 6 |  6.0
Armour         | 4 9 |  9.0
Shields        | 4 9 |  9.0
Invocations    | 1 3 5 |  5.4
Dodging        | 2 |  2.8

Action                   |  1- 3 |  4- 6 |  7- 9 || total
-------------------------+-------+-------+-------++-------
Melee: War axe           |    89 |    91 |   158 ||   338
       Headbutt          |     8 |    16 |    20 ||    44
Invok: Stomp             |       |     1 |    17 ||    18
       Line Pass         |       |     1 |       ||     1
  Use: Scroll            |       |     3 |     6 ||     9
       Potion            |       |     2 |     1 ||     3
 Stab: Paralysed         |     3 |       |     8 ||    11
Armor: Scale mail        |    56 |    41 |    66 ||   163
Dodge: Dodged            |    25 |    32 |    59 ||   116
Block: Kite shield       |    45 |    44 |   121 ||   210
